 Dungeon Crawl Stone Soup version 0.31.0-32-g396128a36d (webtiles) character file.

Game seed: 964450479770820992

65 Ahpoh the Slasher (level 3, -11/29 HPs)
             Began as a Demonspawn Chaos Knight on Apr 17, 2024.
             Was a Plaything of Xom.
             Killed by an exploding small abomination (33 damage)
             ... ignited by their inner flame
             ... on level 3 of the Dungeon.
             The game lasted 00:07:54 (1601 turns).

Ahpoh the Slasher (Demonspawn Chaos Knight)         Turns: 1601, Time: 00:07:57

Health: -11/29     AC: 13    Str: 17    XL:     3   Next: 92%
Magic:  3/3        EV:  5    Int: 16    God:    Xom [..*...]
Gold:   155        SH:  0    Dex: 13    Spells: 2/2 levels left

rFire   . . .        a - +0 falchion (chaos)
rCold   . . .        (no shield)
rNeg    . . .        d - +0 plate armour
rPois   .            h - +0 helmet
rElec   .            (no cloak)
rCorr   .            (no gloves)
SInv    .            (no boots)
Will    .....        (no amulet) Stlth
                     e - +6 ring of strength
HPRegen 0.24/turn    l - +4 ring of slaying
MPRegen 0.08/turn

%: no passive effects
@: studying Long Blades, invisible
A: ignite blood 1, sharp scales 1, talons 1, clever 1, inability to drink after
injury 1
a: Renounce Religion


You were on level 3 of the Dungeon.
You worshipped Xom.
You were a toy of Xom.
You visited 1 branch of the dungeon, and saw 3 of its levels.

You collected 155 gold pieces.

Inventory:

Hand Weapons
 a - a +0 falchion of chaos (weapon)
 i - a +0 war axe
Armour
 b - a +2 leather armour
 d - a +0 plate armour (worn)
 h - a +0 helmet (worn)
Jewellery
 e - a +6 ring of strength (left hand)
 l - a +4 ring of slaying (right hand)
Scrolls
 c - a scroll of butterflies
 f - 5 scrolls of identify
Potions
 g - a potion of lignification


   Skills:
 * Level 3.5 Fighting
 * Level 3.7 Long Blades
 * Level 2.6 Armour
 * Level 1.0 Dodging


You had 2 spell levels left.
You didn't know any spells.
Your spell library was empty.

Dungeon Overview and Level Annotations

Branches:
Dungeon (3/15)

Altars:
Makhleb

Portals:
Abyss: D:3

Annotations:
D:3 1 transporter, mechapo's ghost, amateur DrBe


Innate Abilities, Weirdness & Mutations

Your demonic aura sometimes causes spilled blood to erupt in flames.
You are partially covered in razor-sharp scales. (AC +1, Slay +1)
You have sharp toenails.
Your mind is acute. (Int +4, Str/Dex -1)
You occasionally lose the ability to drink potions when taking damage.


Message History

You can't go up here!
The small abomination hits you but does no damage.
Mechapo's ghost wails.
Mechapo's ghost hits you but does no damage.
Okay, then.
As you read the scroll labelled CAUNKAHOGO, it crumbles to dust.
You assume a fearsome visage.
The small abomination is unaffected.
Mechapo's ghost is unaffected.
It was a scroll of fear.
The small abomination hits you but does no damage.
The small abomination closely misses you.
As you read the scroll labelled YGAMAP TAGGUKH, it crumbles to dust.
The creatures around you are filled with an inner flame!
It was a scroll of immolation.
Xom is highly amused!
The small abomination hits you!
Ouch! That really hurt!
It was a potion of invisibility.
You fade into invisibility!
The small abomination hits you.
You feel much better. The small abomination hits you!
Read: scroll of fear
Press: ? - help, Q - select action, (/) - cycle Dir - look around, f - activate Look: mechapo's ghost (inner flame, unable to see you, not susceptible)
As you read the scroll of fear, it crumbles to dust.
You assume a fearsome visage.
The small abomination is unaffected.
Mechapo's ghost is unaffected.
The small abomination closely misses you.
You hit the small abomination but do no damage.
Flame seeps out of the small abomination.
You claw the small abomination.
The small abomination is moderately damaged.
The small abomination is engulfed in blazing flames.
Flame seeps out of the small abomination.
The small abomination hits you but does no damage.
The small abomination is engulfed in blazing flames.
The small abomination explodes!
The fiery explosion engulfs you!!
Ouch! That really hurt!
You die...
Xom cackles wildly!

# #.........<#....######.
#. #..........+...........
#.#+#
#..........#....#######
.....######..........#....#
..........................#
...............).......####
......####.......###...#
......##©###...###§##..#
......##...##..#@○W.#..#
.......#... ######§##..####
#+#...##.#...).. .##......#
#..##....##.##.##....##.#
#.©#..###...##(#..)..## ..
#..##:# ####∩.###....#####
#...# # ##.### . ##........
#...##. #....##.#.#..#.####
#..## #.###...##..#..#.#


You could see mechapo's ghost (inner flame, unable to see you).

Vanquished Creatures
  A small abomination (D:3)
  An adder (D:2)
  3 ribbon worms (D:2)
  2 dart slugs (D:1)
  An orc (D:3)
  7 bats
  3 endoplasms
  A giant cockroach (D:2)
  A hobgoblin (D:1)
  4 jackals (D:2)
  A quokka (D:1)
  5 ball pythons
  3 frilled lizards
  3 goblins
  4 kobolds
  3 rats (D:1)
43 creatures vanquished.

Notes
Turn   | Place    | Note
-------+----------+-------------------------------------------
     0 | D:1      | Ahpoh the Demonspawn Chaos Knight began the quest for the
                  | Orb.
     0 | D:1      | Reached XP level 1. HP: 18/18 MP: 1/1
   289 | D:1      | Gained mutation: You are partially covered in razor-sharp
                  | scales. (AC +1, Slay +1) [demonic ancestry]
   289 | D:1      | Reached XP level 2. HP: 24/24 MP: 2/2
   858 | D:2      | Gained mutation: Your demonic aura sometimes causes spilled
                  | blood to erupt in flames. [demonic ancestry]
   858 | D:2      | Reached XP level 3. HP: 29/29 MP: 3/3
   934 | D:2      | Identified a scroll of acquirement
   935 | D:2      | Acquired a manual of Long Blades
   943 | D:2      | Found a burning altar of Makhleb.
   995 | D:2      | Gained mutation: You occasionally lose the ability to drink
                  | potions when taking damage. [potion of mutation]
   995 | D:2      | Gained mutation: Your mind is acute. (Int +4, Str/Dex -1)
                  | [potion of mutation]
   995 | D:2      | Gained mutation: You have sharp toenails. [potion of
                  | mutation]
  1065 | D:2      | Reached skill level 1 in Dodging
  1108 | D:2      | Found a faded altar of an unknown god.
  1460 | D:3      | Noticed a small abomination
  1476 | D:3      | Found a transporter.
  1502 | D:3      | Found a transporter.
  1505 | D:3      | Noticed a small abomination
  1505 | D:3      | Noticed a kobold brigand
  1551 | D:3      | Found a one-way gate to the infinite horrors of the Abyss.
  1551 | D:3      | Noticed mechapo's ghost (amateur DrBe)
  1593 | D:3      | Noticed a small abomination
  1601 | D:3      | Killed a small abomination
  1601 | D:3      | Killed by an exploding small abomination... ignited by
                  | their inner flame

Illustrated notes

Levels and vault maps discovered:
D:1:      elethiomel_arrival_infinity_welcomes_careful_drivers, layout_basic,
          dreamdust_wishing_well
D:2:      layout_rooms, basic_altar, dilly_ecumenical_altar_fadedgnrine,
          columned_hall_lemuel
D:3:      layout_basic, serial_shops, nicolae_shop_tiny_statue_garden,
          gammafunk_ghost_abyssal_escape, minmay_statues_item,
          minmay_door_square, patterned_corridor

Skill      XL: |  1  2  3 |
---------------+----------+-----
Armour         | 2 |  2.6
Long Blades    | 3 |  3.7
Dodging        | 1 |  1.0
Fighting       | |  3.5

Action                     || total
---------------------------++-------
  Melee: Falchion          ||   129
         Kick              ||    28
         Punch             ||     2
    Use: Potion            ||     5
         Scroll            ||     5
 Armour: Plate armour      ||   132
         Skin              ||    18
  Dodge: Dodged            ||    45
